 Dungeon Crawl Stone Soup version 0.30-a0-881-g1ff12e1e11 (webtiles) character file.

Game seed: 5015783601110379615

23 bande the Covered (level 3, -3/23 HPs)
             Began as a Gargoyle Fighter on Mar 14, 2023.
             Slain by a gnoll
             ... wielding a +2 vampiric dagger
              (5 damage)
             ... on level 2 of the Dungeon.
             The game lasted 00:01:18 (708 turns).

bande the Covered (Gargoyle Fighter)                 Turns: 708, Time: 00:01:19

Health: -3/23      AC: 13    Str: 19    XL:     3   Next: 0%
Magic:  3/3        EV:  7    Int:  8    God:
Gold:   27         SH:  4    Dex: 11    Spells: 2/2 levels left

rFire   . . .      SeeInvis .    a - +0 war axe
rCold   . . .      Faith    .    c - +0 buckler
rNeg    + . .      Spirit   .    h - +0 chain mail
rPois   ∞          Reflect  .    f - +0 helmet
rElec   +          Rampage  .    (no cloak)
rCorr   .                        (no gloves)
Will    .....                    (no boots) Stlth
                                 (no amulet)
HPRegen 0.23/turn                (no ring)
MPRegen 0.08/turn                (no ring)

@: weak-willed
A: sickness immunity, AC +3, negative energy resistance 1, electricity
resistance, torment resistance 1, petrification resistance
a: no special abilities


You were on level 2 of the Dungeon.
You visited 1 branch of the dungeon, and saw 2 of its levels.

You collected 27 gold pieces.

Inventory:

Hand Weapons
 a - a +0 war axe (weapon)
Armour
 c - a +0 buckler (worn)
 f - a +0 helmet (worn)
 h - a +0 chain mail (worn)
Scrolls
 e - a scroll of teleportation
Potions
 d - a potion of might


   Skills:
 + Level 3.6 Fighting
 + Level 2.0 Axes
 + Level 3.8 Armour
 + Level 3.5 Shields


You had 2 spell levels left.
You didn't know any spells.
Your spell library was empty.

Dungeon Overview and Level Annotations

Branches:
Dungeon (2/15)

Altars:


Innate Abilities, Weirdness & Mutations

You are immune to sickness and miasma.
Your stone body is resilient. (AC +3)
You are immune to poison.
You resist negative energy. (rN+)
You are resistant to electric shocks. (rElec)
You are resistant to unholy torment.
You are immune to petrification.


Message History

The gnoll is healed!
The gnoll hits you from afar with a +0 spear.
The endoplasm freezes you.
You are frozen.
You feel better. The gnoll hits you but does no damage.
The endoplasm closely misses you.
The gnoll hits you with a +2 vampiric dagger.
The gnoll closely misses you. The gnoll hits you but does no damage.
The endoplasm freezes you.
You are frozen.
You closely miss the gnoll. You hit the gnoll but do no damage.
You hit the endoplasm. You hit the gnoll but do no damage.
The gnoll hits you with a +2 vampiric dagger.
The gnoll hits you with a +0 spear. You block the endoplasm's attack.
The gnoll completely misses you.
You barely miss the gnoll. You closely miss the gnoll.
You hit the endoplasm but do no damage. You hit the gnoll.
The gnoll hits you but does no damage.
The endoplasm hits you but does no damage.
The gnoll hits you but does no damage. You block the gnoll's attack.
The gnoll hits you but does no damage. The gnoll barely misses you.
The gnoll hits you but does no damage.
The endoplasm hits you but does no damage.
You hit the gnoll.
The gnoll is moderately wounded.
You slash the gnoll! You barely miss the gnoll. You hit the endoplasm.
You kill the endoplasm!
You block the gnoll's attack. The gnoll closely misses you.
The gnoll hits you with a +2 vampiric dagger.
You have reached level 3!
Your experience leads to an increase in your attributes!
Increase (S)trength, (I)ntelligence, or (D)exterity?
You feel agile. x2
You hit the gnoll.
The gnoll is heavily wounded.
You hit the gnoll. x2; You block the gnoll's attack.
The gnoll hits you with a +0 spear.
* * * LOW HITPOINT WARNING * * *
The gnoll hits you with a +2 vampiric dagger.
You die...

#....# ### #....# ##.#
### ########....####..#
#.?
....#.......#.....####..
...................)....
............#####.###...
............# #.#...##
..........### #######
......g@g.# ......g...#
.>........# ....^.....#
..........# #.#.####..#
# .. #..# ## ..#


You could see 3 gnolls.

Vanquished Creatures
  2 dart slugs
  2 endoplasms (D:2)
  3 goblins
  2 hobgoblins (D:1)
  2 ball pythons (D:1)
  4 bats (D:1)
  A frilled lizard (D:2)
  2 kobolds (D:1)
  2 rats
20 creatures vanquished.

Notes
Turn   | Place    | Note
-------+----------+-------------------------------------------
     0 | D:1      | bande the Gargoyle Fighter began the quest for the Orb.
     0 | D:1      | Reached XP level 1. HP: 14/14 MP: 1/1
   166 | D:1      | Reached XP level 2. HP: 19/19 MP: 2/2
   168 | D:1      | Found a faded altar of an unknown god.
   708 | D:2      | Reached XP level 3. HP: 8/23 MP: 3/3
   708 | D:2      | Slain by a gnoll

Illustrated notes

Levels and vault maps discovered:
D:1:      dpeg_arrival_windows_large_door, layout_basic,
          shapermc_ecumenical_altar_totnotflames
D:2:      layout_rooms, uniq_crazy_yiuf_cottage

Skill      XL: |  1  2 |
---------------+-------+-----
Axes           | 2 |  2.0
Fighting       | |  3.6
Armour         | |  3.8
Shields        | |  3.5

Action                     || total
---------------------------++-------
  Melee: War axe           ||    55
    Use: Scroll            ||     6
         Potion            ||     1
 Armour: Scale mail        ||    13
         Chain mail        ||    40
  Dodge: Dodged            ||    31
  Block: Buckler           ||    14

Table legend: (Time is in decaauts)
 A = Elapsed time spent in this place.
 B = Non-inter-level travel time spent in this place.
 C = Inter-level travel time spent in this place.
 D = Time resting spent in this place.
 E = Time spent auto-exploring this place.
 F = Levels seen in this place.
 G = Mean time per level.
                   A        B        C        D        E       F      G
               +--------+--------+--------+--------+--------+-----+--------+
         Total |    732 |    711 |     21 |      0 |    537 |   2 |  366.0 |
       Dungeon |    732 |    711 |     21 |      0 |    537 |   2 |  366.0 |
               +--------+--------+--------+--------+--------+-----+--------+

Top non-repeatable levels by time:
     D:1: 647 daAuts
     D:2: 85 daAuts
